Map: Frost LE

Players

Polt - Winner!

  • Race: Terran Terran

ShaDoWn

  • Race: Protoss Protoss

Event: 2016 WCS Summer Circuit Championship (DH Montreal)

VOD

Have the link to the VOD?

Description

Time

  • Played on: Aug. 12, 2016, 7:28 p.m.
  • Length: 9:24

All games in this series

Show
View Real Time Build Order
Export as new Build Order

Polt Terran - Winner!

Build Orders: Command Center First (CC), MMM Bio 

Get SALT Encoding   

  12  0:01  SCV  
  13  0:13  SCV  
  14  0:17  Supply Depot  
  14  0:25  SCV  
  15  0:38  SCV  
  16  0:50  SCV  
  17  0:59  Command Center  
  17  1:03  SCV  
  18  1:13  Barracks  
  18  1:15  SCV  
  19  1:28  SCV  
  19  1:30  Barracks  
  20  1:40  SCV  
  20  1:43  Barracks  
  21  1:52  SCV  
  22  2:00  Marine  
  23  2:04  Orbital Command  
  23  2:10  Orbital Command  
  23  2:17  Marine  
  23  2:18  Marine  
  25  2:25  Refinery  
  25  2:26  Refinery  
  25  2:30  Marine, SCV  
  25  2:34  Marine  
  25  2:36  SCV  
  29  2:38  Marine  
  29  2:42  SCV  
  31  2:51  Marine  
  31  2:52  Marine  
  31  2:53  SCV  
  31  2:54  SCV  
  31  2:58  Barracks Tech Lab, Supply Depot  
  35  3:05  SCV  
  36  3:06  SCV  
  36  3:12  Marine  
  38  3:15  Supply Depot  
  38  3:18  Stimpack  
  38  3:19  Marine x2, SCV x2  
  42  3:21  Engineering Bay  
  42  3:25  Supply Depot  
  42  3:32  SCV x2  
  40  3:41  Barracks Tech Lab  
  40  3:45  Barracks Reactor  
  40  3:47  Missile Turret  
  39  3:52  Missile Turret  
  39  3:56  SCV  
  39  3:57  SCV  
  39  4:00  Marine  
  39  4:01  Marine  
  43  4:03  Combat Shields  
  41  4:10  SCV x2  
  43  4:21  Marauder x2  
  43  4:22  Marine x2  
  49  4:25  SCV x2  
  51  4:33  Supply Depot  
  51  4:37  SCV  
  51  4:38  SCV  
  53  4:42  Marauder x2  
  53  4:43  Marine x2  
  59  4:50  Factory  
  59  4:52  SCV x2  
  61  5:02  Refinery  
  61  5:04  Supply Depot, SCV  
  61  5:05  SCV  
  61  5:07  Marine x4  
  61  5:11  Terran Infantry Weapons Level 1  
  65  5:16  SCV  
  65  5:17  SCV  
  67  5:23  Supply Depot  
  67  5:27  Marine x4  
  71  5:35  Starport  
  71  5:36  Factory Reactor  
  71  5:37  SCV x2  
  73  5:44  Marine x2  
  73  5:46  Marine x2  
  74  5:52  SCV  
  74  5:53  SCV  
  65  6:04  SCV  
  65  6:05  SCV  
  65  6:11  Marine x2, Marauder x2  
  63  6:17  Concussive Shells  
  65  6:20  Barracks  
  65  6:21  Barracks  
  65  6:22  Refinery  
  65  6:23  Bunker, Medivac  
  65  6:24  Medivac  
  69  6:27  Widow Mine  
  71  6:33  Marauder x2  
  71  6:36  Marine x2  
  77  6:46  SCV x2  
  78  6:53  Medivac  
  80  6:54  Medivac  
  80  6:57  Marauder x2  
  86  7:05  Supply Depot x2  
  86  7:06  Widow Mine, Terran Infantry Armor Level 1  
  86  7:07  Marine x2  
  90  7:10  Barracks Tech Lab, Barracks Reactor  
  89  7:18  Marauder x2  
  93  7:25  Marine  
  93  7:26  Marine  
  93  7:28  Medivac  
  93  7:29  Medivac  
  99  7:33  Supply Depot  
  99  7:34  Supply Depot  
  99  7:36  Marauder  
  101  7:40  Marauder x2  
  101  7:42  Marine  
  101  7:44  Widow Mine, Marine  
  106  7:56  Liberator x2  
  106  8:00  Marine x3, Marauder  
  106  8:01  Marine, Marauder x2  
  116  8:11  Supply Depot  
  116  8:27  Marine x4, Marauder  
  116  8:28  Marauder x2  
  116  8:32  Widow Mine  
  128  8:34  Supply Depot  
  128  8:35  Supply Depot  
  125  8:49  Marine x3, Marauder x3  
  125  8:55  Marine  
Show
View Real Time Build Order
Export as new Build Order

ShaDoWn Protoss 

Build Orders: Oracle Opening 

Get SALT Encoding   

  12  0:00  Probe (Chrono Boost)  
  13  0:11  Probe (Chrono Boost)  
  14  0:17  Pylon  
  14  0:22  Probe (Chrono Boost)  
  15  0:35  Probe (Chrono Boost)  
  16  0:38  Gateway  
  16  0:45  Probe (Chrono Boost)  
  16  0:48  Assimilator  
  17  0:56  Probe (Chrono Boost)  
  18  0:57  Assimilator  
  18  1:07  Probe (Chrono Boost)  
  19  1:17  Probe (Chrono Boost)  
  20  1:23  Pylon  
  20  1:25  Cybernetics Core  
  20  1:28  Probe (Chrono Boost)  
  21  1:38  Probe (Chrono Boost)  
  22  1:49  Probe (Chrono Boost)  
  23  2:03  Stargate  
  23  2:06  Mothership Core (Chrono Boost)  
  25  2:08  Adept  
  27  2:18  Warp Gate  
  27  2:29  Nexus  
  27  2:35  Probe (Chrono Boost)  
  28  2:45  Oracle  
  30  2:53  Probe (Chrono Boost)  
  30  2:54  Pylon  
  32  3:13  Probe (Chrono Boost)  
  32  3:16  Oracle  
  32  3:25  Probe (Chrono Boost), Gateway  
  36  3:37  Probe (Chrono Boost)  
  38  3:41  Probe (Chrono Boost)  
  39  3:49  Probe (Chrono Boost), Robotics Facility  
  39  3:52  Probe (Chrono Boost)  
  40  4:00  Twilight Council  
  40  4:01  Probe (Chrono Boost)  
  40  4:02  Probe (Chrono Boost)  
  42  4:12  Pylon  
  42  4:13  Probe x2 (Chrono Boost)  
  44  4:23  Probe (Chrono Boost)  
  46  4:25  Probe (Chrono Boost)  
  46  4:28  Blink  
  46  4:29  Assimilator  
  46  4:33  Gateway  
  46  4:34  Probe (Chrono Boost)  
  46  4:38  Probe (Chrono Boost), Observer  
  49  4:44  Probe (Chrono Boost)  
  50  4:50  Probe (Chrono Boost)  
  51  4:55  Probe (Chrono Boost)  
  52  5:01  Pylon, Nexus  
  52  5:02  Probe (Chrono Boost)  
  52  5:03  Observer  
  52  5:05  Probe (Chrono Boost)  
  55  5:10  Stalker x2  
  59  5:18  Probe (Chrono Boost)  
  59  5:19  Pylon  
  61  5:34  Stalker  
  61  5:35  Stalker  
  68  5:36  Adept  
  68  5:40  Probe (Chrono Boost)  
  68  5:42  Pylon  
  68  5:59  Probe (Chrono Boost)  
  68  6:02  Probe (Chrono Boost)  
  68  6:03  Pylon  
  56  6:10  Probe (Chrono Boost)  
  56  6:11  Stalker  
  55  6:13  Probe (Chrono Boost)  
  55  6:15  Probe (Chrono Boost)  
  55  6:16  Stalker  
  59  6:20  Probe (Chrono Boost)  
  59  6:24  Probe (Chrono Boost)  
  59  6:25  Probe (Chrono Boost)  
  62  6:30  Immortal  
  62  6:31  Probe (Chrono Boost)  
  63  6:35  Adept  
  63  6:37  Probe (Chrono Boost)  
  63  6:38  Probe (Chrono Boost)  
  67  6:40  Pylon  
  67  6:41  Probe (Chrono Boost)  
  67  6:46  Sentry  
  70  6:47  Probe (Chrono Boost)  
  70  6:49  Probe (Chrono Boost)  
  70  6:52  Probe (Chrono Boost), Forge  
  73  6:58  Probe (Chrono Boost)  
  73  6:59  Probe (Chrono Boost)  
  73  7:00  Sentry  
  73  7:01  Adept  
  79  7:03  Probe (Chrono Boost)  
  79  7:07  Pylon  
  81  7:08  Probe (Chrono Boost)  
  81  7:14  Probe (Chrono Boost), Adept  
  84  7:17  Probe (Chrono Boost)  
  84  7:22  Probe (Chrono Boost), Gateway  
  86  7:24  Stalker, Gateway  
  86  7:25  Probe (Chrono Boost)  
  86  7:27  Probe (Chrono Boost)  
  90  7:33  Probe (Chrono Boost)  
  90  7:36  Probe (Chrono Boost)  
  92  7:37  Gateway  
  92  7:38  Probe (Chrono Boost)  
  93  7:47  Probe (Chrono Boost)  
  93  7:49  Assimilator x2  
  93  7:51  Probe (Chrono Boost)  
  95  7:52  Adept x3  
  101  8:04  Immortal  
  105  8:09  Pylon x2  
  105  8:15  Pylon  
  105  8:19  Adept x2  
  99  8:30  Adept x3  
  99  8:33  Probe (Chrono Boost)  
  99  8:34  Probe x2 (Chrono Boost)  
  104  8:44  Probe x2 (Chrono Boost)  
  104  8:47  Stalker x3  
  106  8:51  Observer  
  104  8:57  Probe (Chrono Boost)  
  104  9:02  Stalker x3  
  85  9:14  Adept x3  
Tags
 
Add a new tag
Caveats
  • Supply blocks, unpowered buildings, or Contaminate may cause inaccurate times.
  • Supply counts are checked every 10 seconds.